 Dungeon Crawl Stone Soup version 0.19-a0-1206-g6bcb79c (webtiles) character file.

73 JustSomeDude the Skirmisher (level 4, -3/35 HPs)
             Began as a Demonspawn Fighter on Aug 21, 2016.
             Killed from afar by Sigmund (8 damage)
             ... with a puff of flame
             ... on level 2 of the Dungeon.
             The game lasted 00:01:55 (1241 turns).

JustSomeDude the Skirmisher (Demonspawn Fighter)    Turns: 1241, Time: 00:01:55

Health: -3/35      AC:  6    Str: 18    XL:     4   Next: 8%
Magic:  4/4        EV:  7    Int:  9    God:
Gold:   126        SH:  9    Dex: 12    Spells: 0 memorised, 3 levels left

rFire  . . .     SeeInvis .     a - +0 trident
rCold  . . .     Gourm    .     b - +0 scale mail
rNeg   . . .     Faith    .     c - +0 shield
rPois  .         Spirit   .     (helmet restricted)
rElec  .         Dismiss  .     (no cloak)
rCorr  .         Reflect  .     (no gloves)
MR     .....     Harm     .     (no boots)
Stlth  +.........               (no amulet)
                                (no ring)
                                (no ring)

@: no status effects
A: antennae 1, nightstalker 1, powered by pain 1
a: no special abilities


You were on level 2 of the Dungeon.
You were hungry.

You visited 1 branch of the dungeon, and saw 2 of its levels.

You collected 126 gold pieces.

Inventory:

Hand Weapons
 a - a +0 trident (weapon)
Armour
 b - a +0 scale mail (worn)
 c - a +0 shield (worn)
Scrolls
 e - a scroll of enchant armour {unknown}
 g - a scroll of fog {unknown}
 j - a scroll of remove curse {unknown}
 n - a scroll of enchant weapon {unknown}
Potions
 i - a potion of brilliance {unknown}
 k - a potion of curing
Comestibles
 f - 2 bread rations
 h - a royal jelly
 l - a beef jerky
 m - 2 meat rations


   Skills:
 + Level 3.4 Fighting
 + Level 2.1 Polearms
 + Level 3.2 Armour
 + Level 0.8 Dodging
 + Level 3.3 Shields


You had 3 spell levels left.
You didn't know any spells.

Dungeon Overview and Level Annotations

Branches:
Dungeon (2/15)

Altars:

Annotations:
D:2 Sigmund


Innate Abilities, Weirdness & Mutations

You have a pair of small antennae on your head.
You are slightly more attuned to the shadows.
You sometimes gain a little power by taking damage.


Message History

A puff of flame appears from out of thin air!
The puff of flame hits you!
You miss something. Something hits you but does no damage.
Your shield prevents you from hitting something.
You hear some strange, mumbled words.
Something tries to affect you, but you resist.
You closely miss something.
You hear some strange, mumbled words.
Something tries to affect you, but you resist.
You hit something. Something hits you but does no damage.
Your scale mail prevents you from hitting something.
Something hits you but does no damage.
You closely miss something. You closely miss something. Something hits you!
* * * LOW HITPOINT WARNING * * *
You hit something but do no damage.
You hear some strange, mumbled words.
A puff of flame appears from out of thin air!
The puff of flame hits you!
You die...

....#.## .... .........
.## .##.#.#.. .. ..#
.##.#.... # #.#
.......... #.#
.........#. #.#
.........#.# #.#
.####...##.#####{######
................@......
.............###.######
.......................
.................######
.......†...........#
#####..#.#.#.####### #
#.##.#...#
#####.##.#.#.#
.........#...#


There were no monsters in sight!

Vanquished Creatures
  Robin (D:2)
  An ooze (D:1)
  A worm (D:2)
  A dart slug (D:1)
  3 giant geckos
  A ball python (D:2)
  7 bats
  3 hobgoblins (D:2)
  4 jackals (D:2)
  3 kobolds (D:1)
  15 goblins
  3 rats
43 creatures vanquished.

Vanquished Creatures (others)
  A goblin (D:2)
1 creature vanquished.

Grand Total: 44 creatures vanquished

Notes
Turn   | Place    | Note
-------+----------+-------------------------------------------
     0 | D:1      | JustSomeDude the Demonspawn Fighter began the quest for the Orb.
     0 | D:1      | Reached XP level 1. HP: 18/18 MP: 1/1
   219 | D:1      | Gained mutation: You sometimes gain a little power by taking damage. [demonic ancestry]
   219 | D:1      | Reached XP level 2. HP: 14/24 MP: 2/2
   604 | D:1      | Gained mutation: You are slightly more attuned to the shadows. [demonic ancestry]
   604 | D:1      | Reached XP level 3. HP: 28/29 MP: 3/3
   930 | D:2      | Noticed Robin
   952 | D:2      | Killed Robin
   952 | D:2      | Gained mutation: You have a pair of small antennae on your head. [demonic ancestry]
   952 | D:2      | Reached XP level 4. HP: 13/35 MP: 4/4
  1220 | D:2      | Noticed Sigmund
  1241 | D:2      | Killed from afar by Sigmund

Vault maps used:
D:1:      dpeg_arrival_stone_temple_mockup
D:2:      first_bread, uniq_sigmund, uniq_robin

Skill      XL: |  1  2  3 |
---------------+----------+-----
Armour         | 3 |  3.2
Shields        | 3 |  3.3
Polearms       | 2 |  2.1
Fighting       | |  3.4
Dodging        | |  0.8

Action                   |  1- 3 |  4- 6 || total
-------------------------+-------+-------++-------
Melee: Trident           |   164 |    27 ||   191
  Use: Potion            |     1 |     1 ||     2
  Eat: Chunk             |       |     1 ||     1
Armor: Scale mail        |    80 |     7 ||    87
Dodge: Dodged            |    56 |     5 ||    61
Block: Shield            |    96 |    10 ||   106
